 Dungeon Crawl Stone Soup version 0.29.0-13-gc9e81de378 (webtiles) character file.

Game seed: 13952751585656658597

4379 Hubris850 the Skirmisher (level 10, -2/60 HPs)
             Began as a Formicid Hunter on Sept 7, 2022.
             Was a Believer of Hepliaklqana.
             Slain by a wight
             ... wielding a +5 spear
              (8 damage)
             ... on level 8 of the Dungeon.
             The game lasted 00:22:12 (8042 turns).

Hubris850 the Skirmisher (Formicid Hunter)          Turns: 8042, Time: 00:22:12

Health: -2/60      AC:  9    Str: 17    XL:     10   Next: 60%
Magic:  10/10      EV: 11    Int:  8    God:    Hepliaklqana [**....]
Gold:   683        SH:  0    Dex: 21    Spells: 9/9 levels left

rFire   . . .      SeeInvis +   a - +1 shortbow (vorpal)
rCold   . . .      Faith    .   (no shield)
rNeg    . . .      Spirit   .   g - +3 ring mail
rPois   +          Reflect  .   (helmet unavailable)
rElec   .          Harm     .   (no cloak)
rCorr   .          Rampage  .   (no gloves)
Will    +....                   l - +0 pair of boots
Stlth   +.........              (no amulet)
HPRegen 0.20/turn               q - ring of poison resistance
MPRegen 0.12/turn               (no ring)

@: no status effects
A: reduced essence, permanent stasis, dig shafts and tunnels, antennae 3, four
strong arms
a: Dig, Shaft Self, Renounce Religion, Recall Ancestor, Ancestor Identity


You were on level 8 of the Dungeon.
You worshipped Hepliaklqana.
Hepliaklqana was pleased with you.
You visited 1 branch of the dungeon, and saw 8 of its levels.
You also visited: Ossuary.

You collected 683 gold pieces.

Inventory:

Hand Weapons
 a - a +1 vorpal shortbow (weapon)
 b - a +2 dagger of electrocution
 j - a +0 shortbow
 k - a +2 dagger of protection
 t - a +0 arbalest
Missiles
 h - 13 boomerangs
 i - 6 javelins
Armour
 c - a +0 leather armour
 g - a +3 ring mail (worn)
 l - a +0 pair of boots (worn)
 o - a +0 pair of boots
 D - a +2 robe of the Archmagi
Jewellery
 q - a ring of poison resistance (left hand)
Wands
 s - a wand of roots (2)
 y - a wand of flame (14)
Scrolls
 d - a scroll of fear
 f - 5 scrolls of poison
 m - 2 scrolls of immolation
 p - a scroll of torment
 v - a scroll of vulnerability
Potions
 e - 2 potions of curing
 n - a potion of ambrosia
 r - 4 potions of cancellation
 u - 3 potions of mutation
 w - a potion of lignification
 x - a potion of brilliance
 z - 2 potions of heal wounds {unknown}
 A - a potion of flight {unknown}
 B - a potion of magic {unknown}
 C - a potion of attraction {unknown}
 E - a potion of might {unknown}


   Skills:
 - Level 2.1 Fighting
 + Level 14.8 Ranged Weapons
 - Level 3.0 Armour
 - Level 1.7 Dodging
 - Level 1.2 Stealth


You had 9 spell levels left.
You didn't know any spells.
Your spell library contained the following spells:

 Spells                   Type           Power      Damage    Failure   Level
 Magic Dart               Conj           0%         1d3       61%         1
 Shock                    Conj/Air       0%         1d3       61%         1
 Call Imp                 Summ           0%         N/A       75%         2
 Sublimation of Blood     Necr           0%         N/A       75%         2
 Wereblood                Tmut           0%         N/A       75%         2
 Mephitic Cloud           Conj/Pois/Air  0%         N/A       93%         3
 Airstrike                Air            0%         2d(0-16)  100%        4
 Summon Hydra             Summ           0%         N/A       100%        7
 Swiftness                Air            Unusable   N/A       N/A         3

Dungeon Overview and Level Annotations

Branches:
Dungeon (8/15)             Temple (0/1) D:6         Ossuary (visited)
   Lair: D:8-11

Altars:
Ashenzari
Cheibriados
Dithmenos
Elyvilon
Hepliaklqana
Kikubaaqudgha
Trog
Uskayaw

Shops:
D:1 !   D:4 :   D:6 [


Innate Abilities, Weirdness & Mutations

Your life essence is reduced to manifest your ancestor. (-10% HP)
You cannot be hasted, slowed, berserked, paralysed or teleported.
You can dig through walls and to a lower floor.
You have a pair of large antennae on your head. (SInv)
Your four strong arms can wield two-handed weapons with a shield.


Message History

Press: ? - help, Q - select action, (/) - cycle Shift-Dir - straight line, f/p - wight
Aim: a wight, wielding a +4 long sword and wearing a +0 robe (lightly damaged, ally target, 71% to hit)
You shoot an arrow. Nakurtum avoids your attack.
The arrow hits the wight.
The wight is severely damaged.
Nakurtum blocks the wight's attack.
Nakurtum hits the wight with a +0 flail!!
The wight is destroyed!
Fire: a) +1 shortbow (vorpal)
Press: ? - help, Q - select action, (/) - cycle Shift-Dir - straight line, f - you
Okay, then.
A wight comes into view. It is wielding a +5 spear.
Fire: a) +1 shortbow (vorpal)
Press: ? - help, Q - select action, (/) - cycle Shift-Dir - straight line, f - wight
Aim: a wight, wielding a +5 spear and wearing a +0 robe (71% to hit)
You shoot an arrow. Nakurtum avoids your attack.
The arrow barely misses the wight.
Nakurtum barely misses the wight.
Fire: a) +1 shortbow (vorpal)
Press: ? - help, Q - select action, (/) - cycle Shift-Dir - straight line, f/p - wight
Aim: a wight, wielding a +5 spear and wearing a +0 robe (ally target, 71% to hit)
You shoot an arrow. Nakurtum avoids your attack.
The arrow hits the wight but does no damage.
The wight hits you from afar with a +5 spear!
* * * LOW HITPOINT WARNING * * *
Fire: a) +1 shortbow (vorpal)
Press: ? - help, Q - select action, (/) - cycle Shift-Dir - straight line, f/p - wight
Aim: a wight, wielding a +5 spear and wearing a +0 robe (ally target, 71% to hit)
You shoot an arrow. Nakurtum avoids your attack.
The arrow closely misses the wight.
Nakurtum hits the wight with a +0 flail!
The wight hits you from afar with a +5 spear.
* * * LOW HITPOINT WARNING * * *
Fire: a) +1 shortbow (vorpal)
Press: ? - help, Q - select action, (/) - cycle Shift-Dir - straight line, f/p - wight
Aim: a wight, wielding a +5 spear and wearing a +0 robe (severely damaged, ally target, 71% to hit)
You shoot an arrow. Nakurtum avoids your attack.
The arrow closely misses the wight.
Nakurtum hits the wight with a +0 flail.
The wight hits you from afar with a +5 spear!
You die...

... ..# { ... #)#
...
...####.#######
........z).....
########R########
.......@.........
########)########
#.#.....####
#...........
###.#......####
#...#..........
#.#.#.#.....#.
#.#.#.#...#.# ###
#.#.#.......# #..


You could see the friendly Nakurtum the knight (slow) and a wight (ally target).

Vanquished Creatures
  Pikel (D:6)
  Sigmund (D:2)
  A steam dragon (D:8)
  A water moccasin (D:7)
  2 sky beasts
  2 black bears
  3 centaurs
  A lemure (D:6)
  Blork the orc (D:5)
  A bullfrog (D:7)
  A necrophage (D:7)
  7 scorpions
  6 wights (D:7)
  A howler monkey (D:6)
  A jelly (D:5)
  3 orc priests
  5 hounds
  An iron imp (D:5)
  Ijyb (D:5)
  5 iguanas
  8 orc wizards
  6 mummies (Ossuary)
  A gnoll (D:5)
  10 adders
  2 shadow imps
  3 white imps
  2 dart slugs (D:1)
  24 orcs
  6 ball pythons
  8 endoplasms
  2 giant cockroaches (D:1)
  A gnoll zombie (Ossuary)
  8 goblins
  5 hobgoblins
  9 kobolds
  5 quokkas
  2 bats (D:1)
  2 frilled lizards
  A kobold zombie (Ossuary)
  4 orc zombies (Ossuary)
  4 rats
158 creatures vanquished.

Vanquished Creatures (collateral kills)
  Erica (D:8)
  An orc warrior (D:8)
  A bullfrog (D:7)
  3 wights
  A hound (D:6)
  2 orc wizards
  2 mummies (Ossuary)
  2 orcs
  A hobgoblin (D:7)
  A kobold (D:7)
  A kobold zombie (Ossuary)
  An orc zombie (Ossuary)
17 creatures vanquished.

Vanquished Creatures (others)
  2 ancestors
  10 plants
12 creatures vanquished.

Grand Total: 187 creatures vanquished

Notes
Turn   | Place    | Note
-------+----------+-------------------------------------------
     0 | D:1      | Hubris850 the Formicid Hunter began the quest for the Orb.
     0 | D:1      | Reached XP level 1. HP: 16/16 MP: 1/1
   471 | D:1      | Reached XP level 2. HP: 22/22 MP: 2/2
   476 | D:1      | Found Ykhli's Distillery.
  1098 | D:2      | Noticed Sigmund
  1102 | D:2      | Reached XP level 3. HP: 27/27 MP: 3/3
  1114 | D:2      | Killed Sigmund
  1115 | D:2      | Reached skill level 6 in Ranged Weapons
  1115 | D:2      | Reached XP level 4. HP: 32/33 MP: 4/4
  1115 | D:2      | Reached XP level 5. HP: 37/38 MP: 5/5
  1135 | D:2      | Found an ancient bone altar of Kikubaaqudgha.
  1928 | D:3      | Reached skill level 1 in Armour
  1928 | D:3      | Reached XP level 6. HP: 44/44 MP: 6/6
  1952 | D:3      | Noticed a black bear
  1966 | D:3      | Killed a black bear
  1967 | D:3      | Reached skill level 7 in Ranged Weapons
  2419 | D:3      | Found an ancient bone altar of Kikubaaqudgha.
  2635 | D:4      | Reached XP level 7. HP: 50/50 MP: 7/7
  2866 | D:4      | Found Ycug's Book Boutique.
  2875 | D:4      | Reached skill level 8 in Ranged Weapons
  3395 | D:4      | Reached XP level 8. HP: 56/56 MP: 8/8
  3636 | D:4      | Found a white marble altar of Elyvilon.
  3849 | D:5      | Entered Level 5 of the Dungeon
  3904 | D:5      | Reached skill level 9 in Ranged Weapons
  4363 | D:5      | Found a broken altar of Ashenzari.
  4386 | D:5      | Found a hazy altar of Hepliaklqana.
  4409 | D:5      | Became a worshipper of Hepliaklqana the Forgotten
  4517 | D:5      | Noticed Ijyb
  4522 | D:5      | Killed Ijyb
  4524 | D:5      | Noticed Blork the orc
  4529 | D:5      | Killed Blork the orc
  4661 | D:5      | Reached skill level 10 in Ranged Weapons
  5145 | D:5      | Found a snail-covered altar of Cheibriados.
  5190 | D:6      | Reached XP level 9. HP: 61/61 MP: 9/9
  5210 | D:6      | Found a shadowy altar of Dithmenos.
  5228 | D:6      | Reached skill level 11 in Ranged Weapons
  5309 | D:6      | Found a hide-covered altar of Uskayaw.
  5337 | D:6      | HP: 3/61 [centaur (2)]
  5820 | D:6      | Found Enec's Armour Shoppe.
  5888 | D:6      | Found a sand-covered staircase.
  5892 | D:6      | Reached * piety under Hepliaklqana
  5897 | Ossuary  | Entered an ossuary
  6121 | D:6      | Reached skill level 12 in Ranged Weapons
  6371 | D:6      | Found a staircase to the Ecumenical Temple.
  6470 | D:6      | Noticed Pikel
  6491 | D:6      | Killed Pikel
  6887 | D:7      | Reached skill level 13 in Ranged Weapons
  7187 | D:7      | Reached XP level 10. HP: 60/60 MP: 10/10
  7290 | D:7      | Reached ** piety under Hepliaklqana
  7291 | D:7      | Remembered your ancestor Nakurtum as a knight
  7604 | D:7      | Reached skill level 14 in Ranged Weapons
  7680 | D:7      | Found a bloodstained altar of Trog.
  8011 | D:8      | Noticed Erica
  8017 | D:8      | Killed Erica
  8042 | D:8      | Slain by a wight

Illustrated notes

Levels and vault maps discovered:
D:1:      dpeg_arrival_rhombi, layout_basic, serial_shops, nicolae_square_shop
D:2:      layout_loops_cross, basic_altar, kennysheep_generic_room_4,
          uniq_sigmund
D:3:      layout_basic, mainiacjoe_overflow_paths
D:4:      layout_basic, nicolae_elyvilon_temple_path, nicolae_stop_n_shop_2,
          hangedman_decor_growths, kennysheep_generic_room_12
D:5:      minmay_chambers_of_threes, layout_basic, slow_altar_2,
          mainiacjoe_overflow_cross_hatched, mainiacjoe_overflow_boulevard,
          uniq_ijyb, uniq_blork_the_orc
D:6:      layout_loops_corners, kennysheep_little_box,
          nicolae_dithmenos_shadow_blocks, minmay_temple_entry_trees,
          enter_ossuary_1, serial_shops, shop, uniq_pikel
D:7:      layout_basic, trog_hazing_becter
D:8:      layout_basic, minmay_manual_moon, uniq_erica

Skill      XL: |  1  2  3  4  5  6  7  8  9 10 |
---------------+-------------------------------+-----
Ranged Weapons | 6 7 8 10 13 14 | 14.8
Armour         | 1 2 3 |  3.0
Fighting       | |  2.1
Dodging        | |  1.7
Stealth        | |  1.2

Action                   |  1- 3 |  4- 6 |  7- 9 | 10-12 || total
-------------------------+-------+-------+-------+-------++-------
Melee: Dagger            |       |     8 |    40 |       ||    48
       Punch             |       |       |     1 |       ||     1
 Fire: Shortbow          |    57 |    68 |   188 |    75 ||   388
       Arbalest          |       |       |   174 |       ||   174
Invok: Ancestor Identity |       |       |     1 |       ||     1
       Ancestor Life: Kn |       |       |       |     1 ||     1
 Abil: Dig               |     2 |       |       |       ||     2
  Use: Scroll            |       |     7 |     9 |       ||    16
       Potion            |       |       |     1 |       ||     1
Armor: Leather armour    |     1 |       |       |       ||     1
       Ring mail         |     8 |    19 |    71 |     2 ||   100
Dodge: Dodged            |    20 |    24 |   108 |     4 ||   156
